 Dungeon Crawl Stone Soup version 0.31.0-11-ge490571c62 (webtiles) character file.

Game seed: 11521199127361727388

67 qw the Shooter (level 3, -8/20 HPs)
             Began as a Deep Elf Hunter on Feb 3, 2024.
             Mangled by Sigmund
             ... wielding a +2 scythe of protection
              (10 damage)
             ... on level 2 of the Dungeon.
             The game lasted 00:00:03 (712 turns).

qw the Shooter (Deep Elf Hunter)                     Turns: 712, Time: 00:00:04

Health: -8/20      AC:  5    Str: 10    XL:     3   Next: 98%
Magic:  5/5        EV: 11    Int: 13    God:
Gold:   48         SH:  0    Dex: 18    Spells: 2/2 levels left

rFire   . . .        a - +1 shortbow
rCold   . . .        (shield currently unavailable)
rNeg    . . .        h - +0 ring mail
rPois   .            (no helmet)
rElec   .            (no cloak)
rCorr   .            (no gloves)
SInv    .            (no boots)
Will    .....        (no amulet)
Stlth   +            (no ring)
HPRegen 0.23/turn    (no ring)
MPRegen 0.09/turn

%: no passive effects
@: no status effects
A: no striking features
a: no special abilities


You were on level 2 of the Dungeon.
You visited 1 branch of the dungeon, and saw 2 of its levels.

You collected 48 gold pieces.


   Skills:
 - Level 1.5 Fighting
 + Level 7.4 Ranged Weapons
 - Level 2.4 Dodging
 - Level 1.2 Stealth


You had 2 spell levels left.
You didn't know any spells.
Your spell library was empty.

Inventory:

Hand Weapons
 a - a +1 shortbow (weapon)
Armour
 h - a +0 ring mail (worn)
Scrolls
 c - a scroll of identify
Potions
 b - a potion of might {unknown}
 d - a potion of heal wounds {unknown}
 i - a potion of curing
 j - a potion of lignification {unknown}

Dungeon Overview and Level Annotations

Branches:
Dungeon (2/15)

Altars:

Annotations:
D:2 Sigmund


Message History

The jackal bites you but does no damage.
You shoot an arrow.
Sigmund shouts!
The arrow hits the jackal.
The jackal is lightly wounded.
The jackal bites you but does no damage.
The jackal bites you.
You shoot an arrow. The arrow closely misses the jackal.
The arrow closely misses Sigmund.
The jackal bites you but does no damage.
The jackal bites you.
You shoot an arrow. The arrow hits the jackal!
You kill the jackal!
You shoot an arrow. The arrow hits Sigmund!
Sigmund is moderately wounded.
Sigmund gestures at you while chanting. The magic dart hits you!
You shoot an arrow.
The arrow hits Sigmund but does no damage.
Sigmund is moderately wounded.
You shoot an arrow. The arrow closely misses Sigmund.
Sigmund barely misses you.
You shoot an arrow. The arrow hits Sigmund.
Sigmund is moderately wounded.
Sigmund closely misses you.
You shoot an arrow.
The arrow hits Sigmund but does no damage.
Sigmund is moderately wounded.
Sigmund casts a spell.
Sigmund flickers and vanishes!
Deactivating autopickup; reactivate with Ctrl-A.
You shoot an arrow. Something hits you.
You shoot an arrow. You shoot an arrow. Something hits you.
You shoot an arrow. Something hits you!
Ouch! That really hurt!
You die...

###### # #....# .#
#..>.##### #######.#
#......... ........#
#......... ........#
#.........
........#######.........
................@.......
................%.......
.....%........{%........
.%......................
......................##
%................)....#
......................#
...#####..........#+###
...# #..........#


There were no monsters in sight!

Vanquished Creatures
  2 adders (D:2)
  A ribbon worm (D:2)
  2 ball pythons (D:1)
  5 bats
  4 endoplasms
  3 giant cockroaches
  3 goblins (D:1)
  4 hobgoblins
  5 jackals
  3 quokkas
  2 frilled lizards (D:1)
  3 kobolds
  4 rats
41 creatures vanquished.

Notes
Turn   | Place    | Note
-------+----------+-------------------------------------------
     0 | D:1      | qw the Deep Elf Hunter began the quest for the Orb.
     0 | D:1      | Reached XP level 1. HP: 12/12 MP: 3/3
     0 | D:1      | 0 ||| qw: Version: 0.3-a-157-g843a77d
     0 | D:1      | 0 ||| qw: Game counter: 3943
     0 | D:1      | 0 ||| qw: Melee chars always use a shield: true
     0 | D:1      | 0 ||| qw: God list: Okawaru
     0 | D:1      | 0 ||| qw: Allow faded altars: false
     0 | D:1      | 0 ||| qw: Do Orc after clearing Dungeon:15 true
     0 | D:1      | 0 ||| qw: Do second Lair branch before Depths: true
     0 | D:1      | 0 ||| qw: Lair rune preference: random
     0 | D:1      | 0 ||| qw: Goals: Normal
     0 | D:1      | 0 ||| PLANNING D:1-11
    71 | D:1      | Reached skill level 6 in Ranged Weapons
    71 | D:1      | Reached XP level 2. HP: 16/16 MP: 4/4
   404 | D:1      | Reached XP level 3. HP: 20/20 MP: 5/5
   466 | D:1      | 466 ||| UPGRADING to +0 ring mail.
   476 | D:1      | 476 ||| DROPPING +0 leather armour.
   477 | D:1      | 477 ||| READING scroll labelled PIOBOU BUHOAL.
   478 | D:1      | 478 ||| READING scroll labelled XUDDUE MURE.
   478 | D:1      | 478 ||| ENCHANTING +0 shortbow.
   479 | D:1      | 479 ||| READING 2 scrolls labelled NATSU TUADGH.
   479 | D:1      | 479 ||| IDENTIFYING fizzy pink potion
   480 | D:1      | 480 ||| READING scroll of identify.
   480 | D:1      | 480 ||| IDENTIFYING bubbling green potion
   481 | D:1      | 481 ||| DROPPING scroll of butterflies.
   482 | D:1      | 482 ||| DROPPING potion of invisibility.
   589 | D:2      | Reached skill level 7 in Ranged Weapons
   700 | D:2      | Noticed Sigmund
   711 | D:2      | HP: 1/20 [something (6)]
   712 | D:2      | Mangled by Sigmund

Levels and vault maps discovered:
D:1:      mrwooster_arrival_statue_2, layout_rooms, minmay_statues_item
D:2:      layout_basic, uniq_sigmund

Skill      XL: |  1  2  3 |
---------------+----------+-----
Ranged Weapons | 6 7 |  7.4
Fighting       | |  1.5
Dodging        | |  2.4
Stealth        | |  1.2

Action                     || total
---------------------------++-------
   Fire: Shortbow          ||   128
    Use: Scroll            ||     4
 Armour: Leather armour    ||     9
         Ring mail         ||    25
  Dodge: Dodged            ||    42

Table legend:
 A = Non-vault XP
 B = Vault XP
 C = Vault XP percentage of total XP
 D = Non-vault monster count
 E = Vault monster count
 F = Vault count percentage of total count
                 A         B        C        D         E       F
            +---------+---------+-------+---------+---------+-------
      Total |      96 |       0 |   0.0 |      41 |       0 |   0.0
            +---------+---------+-------+---------+---------+-------
        D:1 |      42 |       0 |   0.0 |      26 |       0 |   0.0
        D:2 |      54 |       0 |   0.0 |      15 |       0 |   0.0
            +---------+---------+-------+---------+---------+-------
